 Dungeon Crawl Stone Soup version 0.18.1-48-g4cf74bf (webtiles) character file.

65073 GordonOverkill the Black Belt (level 14, -12/113 HPs)
             Began as a Demonspawn Monk on June 28, 2016.
             Was a High Priest of Okawaru.
             Mangled by dricus's ghost (37 damage)
             ... on level 8 of the Lair of Beasts on June 29, 2016.
             The game lasted 01:27:28 (21828 turns).

GordonOverkill the Black Belt (Demonspawn Monk)    Turns: 21828, Time: 01:27:28

Health: -12/113    AC: 22    Str: 15    XL:     14   Next: 74%
Magic:  0/20       EV:  6    Int: 13    God:    Okawaru [*****.]
Gold:   1151       SH:  0    Dex: 16    Spells: 1 memorised, 12 levels left

rFire  + + +     SeeInvis +       - Unarmed
rCold  + + .     Gourm    .     V - +1 gold dragon armour
rNeg   . . .     Faith    .     (no shield)
rPois  +         Spirit   .     K - +2 hat {MR+}
rElec  .         Dismiss  .     y - +2 cloak
rCorr  .         Reflect  .     (no gloves)
SustAt .         Harm     .     G - +0 pair of boots of Kaer {+Inv}
MR     ++...                    q - amulet of regeneration
Stlth  ..........               L - ring of protection from cold
                                Y - ring of protection from fire

@: very resistant to hostile enchantments, extremely unstealthy
A: antennae 2, repulsion field 2, see invisible, demonic guardian 2, fire
resistance 1, evolution 1, flame cloud immunity
a: Heroism, Finesse, Renounce Religion, Evoke Invisibility


You were on level 8 of the Lair of Beasts.
You worshipped Okawaru.
Okawaru was extremely pleased with you.
You were not hungry.

You visited 2 branches of the dungeon, and saw 21 of its levels.
You also visited: Sewer.

You collected 1151 gold pieces.

Inventory:

Hand Weapons
 I - the +3 greatsling "Killer Klown's Regret" {venom, +Fly MR+ Str-4}
   (Okawaru gifted it to you on level 10 of the Dungeon)

   It poisons the ammo it fires.
   It affects your strength (-4).
   It affects your resistance to hostile enchantments.
   It lets you fly.
Armour
 y - a +2 cloak (worn)
 G - the +0 pair of boots of Kaer (worn) {+Inv}
   (Okawaru gifted it to you on level 3 of the Lair of Beasts)

   It lets you turn invisible.
 K - a +2 hat of magic resistance (worn)
 V - a +1 gold dragon armour (worn)
Jewellery
 q - an amulet of regeneration (around neck)
 L - a ring of protection from cold (right hand)
 Y - a ring of protection from fire (left hand)
Wands
 d - a wand of iceblast (9/15)
 f - a wand of acid (8/15)
 g - a wand of digging (9/24)
 o - a wand of paralysis (9/24)
 x - a wand of iceblast (6/15)
 O - a wand of lightning (2/15)
 U - a wand of teleportation (5/9)
 Z - a wand of lightning (10/15)
Scrolls
 a - 4 scrolls of fog
 l - 4 scrolls of teleportation
 m - 8 scrolls of identify
 t - 3 scrolls of fear
 D - 3 scrolls of remove curse
 N - 2 scrolls of magic mapping
 P - a scroll of blinking
Potions
 e - 2 potions of heal wounds
 k - 5 potions of flight
 p - 2 potions of agility
 w - 4 potions of haste
 z - 4 potions of lignification
 B - 8 potions of curing
 E - a potion of invisibility
 H - a potion of cancellation
 J - a potion of might
Comestibles
 b - 9 bread rations
 c - 6 chunks of flesh
 j - 4 meat rations
 s - 8 fruits
 u - a royal jelly
 A - 7 slices of pizza
 C - 6 beef jerkies


   Skills:
 - Level 11.0 Fighting
 - Level 6.0 Armour
 + Level 8.9 Dodging
 - Level 1.7 Stealth
 + Level 17.6 Unarmed Combat
 - Level 8.0 Invocations
 - Level 5.0 Evocations


You had 12 spell levels left.
You knew the following spells:

 Your Spells              Type           Power        Failure   Level  Hunger
a - Animate Skeleton      Necr           N/A          100%        1    ##.....


Dungeon Overview and Level Annotations

Branches:
Dungeon (13/15)            Temple (0/1) D:7            Lair (8/8) D:10
  Swamp (0/4) Lair:3        Snake (0/4) Lair:6        Slime (0/6) Lair:6
    Orc (0/2) D:11         Vaults (0/5) D:13

Altars:
Cheibriados
Elyvilon
Kikubaaqudgha
Makhleb
Nemelex Xobeh
Okawaru
Qazlal
Sif Muna
Jiyva

Shops:
D:10 %

Annotations:
D:8 exclusion: ice statue
D:13 Donald, Norris
Lair:8 dricus's ghost, journeyman MiBe


Innate Abilities, Weirdness & Mutations

You have a pair of antennae on your head.
You are surrounded by a moderate repulsion field (EV +3).
A demonic guardian rushes to your aid.
Your flesh is heat resistant.
You are immune to clouds of flame.
You have supernaturally acute eyesight.
You evolve.


Message History

You don't have enough magic at the moment.
You don't have enough magic at the moment.
Unknown command.
Evoke which item? (* to show all) (? for menu, Esc to quit)
Zapping:
g - a wand of digging (will waste charges)
Press: ? - help, Shift-Dir - straight line The rock shatters into small pieces.
Evoking this partially-identified wand wasted a few charges.
Your skill with magical items lets you calculate the power of this device...
This wand has 9 charges left.
Your sixfirhy hits dricus's ghost but does no damage.
Your sixfirhy hits dricus's ghost.
Your sixfirhy shocks dricus's ghost!
Your sixfirhy misses dricus's ghost.
Your sixfirhy hits dricus's ghost but does no damage.
Dricus's ghost hits you!!
* * * LOW HITPOINT WARNING * * *
A worker ant comes into view.
The worker ant twitches its antennae in your direction.
The worker ant bites something!
Dricus's ghost hits you!!!
You die...

..#.................#.....
...................#......
.....a.§..........P#....#.
..................P#...#..
.......................##.
........##............P.#P
......†.a4..............##
......†PW#####........###
.......#4@..........#..#
....#.##########...#####
##.### ##### ##


You could see 2 worker ants, dricus's ghost and a friendly ice devil.

Vanquished Creatures
  Frances (D:12)
  Kirke (Lair:7)
  2 azure jellies (Lair:6)
  Snorg (Lair:8)
  Josephine (Lair:7)
  Erolcha (D:8)
  Harold (Lair:1)
  A catoblepas (Lair:5)
  4 hydras
  11 death yaks
  An unseen horror (D:10)
  A swamp dragon (Lair:3)
  A hill giant (D:13)
  A deep elf mage (D:12)
  2 ugly things
  A griffon (Lair:7)
  A manticore (D:11)
  12 elephants
  4 black mambas
  13 spiny frogs
  A gargoyle (D:11)
  A torpor snail (Lair:4)
  4 komodo dragons
  A polar bear (Lair:7)
  A two-headed ogre (D:10)
  15 blink frogs
  44 yaks
  6 wraiths
  2 hogs
  2 wyverns
  2 steam dragons
  9 humans
  7 hippogriffs
  A basilisk (Lair:2)
  2 hungry ghosts (D:11)
  8 vampire mosquitoes
  2 nagas (Lair:6)
  8 soldier ants (Lair:8)
  13 water moccasins
  12 porcupines
  6 ice beasts
  6 orc warriors
  A sky beast (D:8)
  A wasp (D:7)
  A phantom (D:7)
  6 black bears
  4 centaurs
  3 ogres
  6 wolves (Lair:3)
  4 big kobolds
  19 crocodiles
  Blork the orc (D:5)
  26 giant frogs
  5 scorpions
  A troll zombie (D:11)
  14 killer bees
  9 wights (D:11)
  A howler monkey (D:11)
  4 electric eels
  7 crimson imps
  A quasit (D:11)
  9 hounds
  8 orc priests
  5 jellies
  12 orc wizards
  A giant frog skeleton (D:5)
  8 iguanas
  33 worker ants
  17 sheep
  7 ogre zombies (D:11)
  2 hound skeletons
  A worker ant zombie (D:8)
  7 gnolls
  10 adders
  65 river rats
  3 shadow imps
  5 oozes
  An adder zombie (D:6)
  2 worms
  An adder skeleton (D:8)
  2 dart slugs (D:2)
  5 giant geckos
  51 orcs
  7 bats
  6 giant cockroaches
  8 goblins
  7 hobgoblins
  10 jackals
  5 quokkas
  2 ball pythons (D:3)
  A giant gecko skeleton (D:4)
  6 giant newts
  2 goblin skeletons (D:11)
  5 goblin zombies (D:11)
  2 hobgoblin skeletons (D:11)
  A hobgoblin zombie (D:11)
  21 kobolds
  3 orc skeletons (D:11)
  12 orc zombies (D:11)
  13 rats
694 creatures vanquished.

Vanquished Creatures (collateral kills)
  2 hydras
  A queen ant (Lair:8)
  3 elephants (Lair:8)
  A torpor snail (Lair:4)
  6 blink frogs
  5 yaks
  2 hungry ghosts
  2 soldier ants (Lair:8)
  An ice beast (D:5)
  A wasp (D:10)
  An eye of draining (D:6)
  A giant frog (Lair:7)
  A scorpion (D:4)
  A killer bee (D:8)
  A jelly (D:8)
  A hound (D:4)
  5 worker ants (Lair:8)
  A sheep (Lair:4)
  2 gnolls (D:7)
  7 river rats
  3 orcs
  A jackal (D:3)
  4 kobolds (Sewer)
  2 fungi
  A plant (Lair:8)
56 creatures vanquished.

Vanquished Creatures (others)
  A water moccasin (Lair:1)
  An iguana (Lair:3)
  A river rat (Lair:7)
  2 orcs
  A bush (Lair:8)
  20 fungi
  43 plants
69 creatures vanquished.

Grand Total: 819 creatures vanquished

Notes
Turn   | Place    | Note
--------------------------------------------------------------
     0 | D:1      | GordonOverkill the Demonspawn Monk began the quest for the Orb.
     0 | D:1      | Reached XP level 1. HP: 18/18 MP: 1/1
   167 | D:1      | Reached skill level 4 in Unarmed Combat
   172 | D:1      | Gained mutation: You are surrounded by a mild repulsion field (EV +2). [demonic ancestry]
   172 | D:1      | Reached XP level 2. HP: 24/24 MP: 2/2
   721 | D:1      | Gained mutation: A weak demonic guardian rushes to your aid. [demonic ancestry]
   721 | D:1      | Reached XP level 3. HP: 29/29 MP: 3/3
  1180 | D:2      | Found a snail-covered altar of Cheibriados.
  1371 | D:2      | Reached skill level 5 in Unarmed Combat
  1604 | D:2      | Gained mutation: You have a pair of small antennae on your head. [demonic ancestry]
  1604 | D:2      | Reached XP level 4. HP: 33/35 MP: 4/4
  2033 | D:3      | Found a stormy altar of Qazlal.
  2033 | D:3      | Found a deep blue altar of Sif Muna.
  2252 | D:3      | Reached XP level 5. HP: 22/41 MP: 5/5
  2326 | D:3      | Found a burning altar of Makhleb.
  2335 | D:3      | Reached skill level 6 in Unarmed Combat
  2360 | D:3      | Noticed a hungry ghost
  2380 | D:3      | Killed a hungry ghost
  2380 | D:3      | Gained mutation: You are surrounded by a moderate repulsion field (EV +3). [demonic ancestry]
  2380 | D:3      | Reached XP level 6. HP: 47/47 MP: 6/6
  2889 | D:4      | Reached skill level 7 in Unarmed Combat
  2996 | D:4      | Found a burning altar of Makhleb.
  3072 | D:4      | HP: 2/47 [orc/hand axe of electrocution (3)]
  3283 | D:4      | Gained mutation: Your flesh is heat resistant. [demonic ancestry]
  3283 | D:4      | Reached XP level 7. HP: 52/52 MP: 7/7
  3543 | D:4      | Found an iron altar of Okawaru.
  3559 | D:4      | Became a worshipper of Warmaster Okawaru
  3559 | D:4      | Reached * piety under Okawaru
  3559 | D:4      | Reached ** piety under Okawaru
  3691 | D:5      | Entered Level 5 of the Dungeon
  3717 | D:5      | Reached skill level 8 in Unarmed Combat
  4117 | D:5      | Noticed Blork the orc
  4124 | D:5      | Killed Blork the orc
  4173 | D:5      | Reached skill level 9 in Unarmed Combat
  4189 | D:5      | Found a glowing drain.
  4210 | Sewer    | Entered a sewer
  4333 | Sewer    | Found a glowing silver altar of Zin.
  4590 | D:5      | Reached *** piety under Okawaru
  4590 | D:5      | Gained mutation: You have a pair of antennae on your head. [demonic ancestry]
  4590 | D:5      | Reached XP level 8. HP: 46/58 MP: 8/8
  5261 | D:6      | Reached skill level 10 in Unarmed Combat
  5532 | D:6      | Found an ancient bone altar of Kikubaaqudgha.
  5951 | D:6      | Reached **** piety under Okawaru
  5995 | D:6      | Reached XP level 9. HP: 28/65 MP: 9/9
  6120 | D:6      | Reached skill level 11 in Unarmed Combat
  6200 | D:7      | Reached skill level 5 in Fighting
  6869 | D:7      | Found a staircase to the Ecumenical Temple.
  6888 | D:7      | Received a gift from Okawaru
  7732 | D:8      | Noticed Erolcha
  7743 | D:8      | Killed Erolcha
  7743 | D:8      | Reached ***** piety under Okawaru
  7743 | D:8      | Reached skill level 12 in Unarmed Combat
  7743 | D:8      | Gained mutation: You are immune to clouds of flame. [demonic ancestry]
  7743 | D:8      | Reached XP level 10. HP: 79/79 MP: 10/10
  8854 | D:8      | Noticed an ice statue
  8884 | D:8      | Found a white marble altar of Elyvilon.
  8957 | D:9      | Found a sparkling altar of Nemelex Xobeh.
  9252 | D:9      | Learned a level 1 spell: Animate Skeleton
  9698 | D:10     | Entered Level 10 of the Dungeon
  9714 | D:10     | Found Gaquqi Mish's Food Shoppe.
 10144 | D:10     | Killed an unseen horror
 10144 | D:10     | Received a gift from Okawaru
 10144 | D:10     | Reached skill level 13 in Unarmed Combat
 10191 | D:10     | Got a brightly glowing greatsling {god gift}
 10192 | D:10     | Identified the +3 greatsling "Killer Klown's Regret" {venom, +Fly MR+ Str-4} (Okawaru gifted it to you on level 10 of the Dungeon)
 10243 | D:10     | Found a staircase to the Lair.
 10439 | D:10     | Reached ****** piety under Okawaru
 10693 | D:10     | Reached XP level 11. HP: 64/90 MP: 11/11
 10807 | D:11     | Found a staircase to the Orcish Mines.
 10853 | D:11     | Reached skill level 10 in Fighting
 11524 | D:11     | Received a gift from Okawaru
 11585 | D:11     | HP: 1/92 [orc warrior/war axe (14)]
 11614 | D:11     | Noticed a green ugly thing
 11744 | D:10     | Killed a green ugly thing
 11803 | D:11     | Got a fine ring mail {god gift}
 11814 | D:11     | Identified the +1 ring mail "Konaot" {+Fly Str+6 Int-5} (Okawaru gifted it to you on level 11 of the Dungeon)
 12415 | D:12     | Noticed a white ugly thing
 12422 | D:12     | Killed a white ugly thing
 12479 | D:12     | Noticed a deep elf mage
 12503 | D:12     | Killed a deep elf mage
 12503 | D:12     | Reached skill level 1 in Armour
 12541 | D:12     | Noticed Frances
 12559 | D:12     | Killed Frances
 12559 | D:12     | Reached skill level 14 in Unarmed Combat
 12867 | D:12     | Noticed a six-headed hydra
 12879 | D:12     | Killed a six-headed hydra
 13129 | D:13     | Found a gate to the Vaults.
 13129 | D:13     | Noticed Norris
 13129 | D:13     | Noticed a six-headed hydra
 13129 | D:13     | Noticed Donald
 13129 | D:13     | Noticed a hill giant
 13195 | D:13     | Noticed a hill giant
 13207 | D:13     | Killed a hill giant
 13207 | D:13     | Reached XP level 12. HP: 35/100 MP: 12/12
 13514 | D:12     | Reached skill level 5 in Armour
 13624 | Lair:1   | Entered Level 1 of the Lair of Beasts
 13860 | Lair:1   | Noticed Harold
 13882 | Lair:1   | Killed Harold
 14216 | Lair:1   | Reached skill level 1 in Invocations
 14226 | Lair:1   | Received a gift from Okawaru
 14528 | Lair:1   | Gained mutation: You have supernaturally acute eyesight. [potion of beneficial mutation]
 14758 | Lair:2   | Reached skill level 15 in Unarmed Combat
 14912 | Lair:2   | Noticed a four-headed hydra
 14920 | Lair:2   | Killed a four-headed hydra
 14920 | Lair:2   | Reached skill level 5 in Invocations
 15403 | Lair:3   | Received a gift from Okawaru
 15430 | Lair:3   | Got a pair of polished boots {god gift}
 15441 | Lair:3   | Identified the +0 pair of boots of Kaer {+Inv} (Okawaru gifted it to you on level 3 of the Lair of Beasts)
 15589 | Lair:3   | Noticed a death yak
 15589 | Lair:3   | Noticed a death yak
 15590 | Lair:3   | Noticed a death yak
 15600 | Lair:3   | Noticed a death yak
 15603 | Lair:3   | Noticed a death yak
 15610 | Lair:3   | Killed a death yak
 15613 | Lair:3   | Killed a death yak
 15616 | Lair:3   | Noticed a death yak
 15620 | Lair:3   | Killed a death yak
 15620 | Lair:3   | Reached XP level 13. HP: 82/106 MP: 17/19
 15628 | Lair:3   | Reached skill level 1 in Evocations
 16122 | Lair:3   | Found a staircase to the Swamp.
 16940 | Lair:4   | Reached skill level 16 in Unarmed Combat
 17031 | Lair:4   | Received a gift from Okawaru
 17178 | Lair:4   | Reached skill level 5 in Evocations
 18540 | Lair:5   | Reached skill level 5 in Dodging
 18862 | Lair:6   | Gained mutation: You evolve. [potion of beneficial mutation]
 18931 | Lair:6   | Found a staircase to the Snake Pit.
 18987 | Lair:6   | Found a runed door.
 18988 | Lair:6   | Noticed an azure jelly
 18989 | Lair:6   | Noticed an azure jelly
 18994 | Lair:6   | Found a viscous altar of Jiyva.
 18994 | Lair:6   | Found a staircase to the Slime Pits.
 19012 | Lair:6   | Killed an azure jelly
 19012 | Lair:6   | Gained mutation: A demonic guardian rushes to your aid. [demonic ancestry]
 19012 | Lair:6   | Reached XP level 14. HP: 77/113 MP: 13/20
 19020 | Lair:6   | Killed an azure jelly
 19020 | Lair:6   | Received a gift from Okawaru
 19143 | Lair:6   | Got a faintly glowing plate armour
 19158 | Lair:6   | Identified the cursed +1 plate armour of Anarchy {Int+4} (You found it on level 6 of the Lair of Beasts)
 20124 | Lair:7   | Noticed Josephine
 20133 | Lair:7   | Killed Josephine
 20133 | Lair:7   | Reached skill level 17 in Unarmed Combat
 20292 | Lair:7   | Noticed Kirke
 20306 | Lair:7   | Killed Kirke
 20549 | Lair:8   | Entered Level 8 of the Lair of Beasts
 20645 | Lair:8   | Noticed Snorg
 20788 | Lair:8   | Killed Snorg
 21590 | Lair:8   | Received a gift from Okawaru
 21814 | Lair:8   | Noticed dricus's ghost (journeyman MiBe)
 21828 | Lair:8   | Mangled by dricus's ghost

Skill      XL: |  1  2  3  4  5  6  7  8  9 10 11 12 13 14 |
---------------+-------------------------------------------+-----
Unarmed Combat | 4 5 6 7 9 10 12 13 14 15 16 17 | 17.6
Fighting       | 4 7 9 11 | 11.0
Armour         | 4 6 |  6.0
Invocations    | 8 |  8.0
Evocations     | 5 |  5.0
Dodging        | 6 8 |  8.9
Stealth        | |  1.7

Action                   |  1- 3 |  4- 6 |  7- 9 | 10-12 | 13-15 || total
-------------------------+-------+-------+-------+-------+-------++-------
Melee: Unarmed           |   149 |   144 |   539 |  1192 |  1153 ||  3177
       Punch             |     1 |     5 |    16 |    50 |    57 ||   129
Throw: Javelin           |    16 |    35 |       |       |       ||    51
       Tomahawk          |       |     2 |       |       |       ||     2
Invok: Heroism           |       |       |       |     6 |    12 ||    18
       Finesse           |       |       |       |     2 |     4 ||     6
 Abil: Evoke Invisibilit |       |       |       |       |     4 ||     4
Evoke: Wand              |       |       |     2 |     9 |     1 ||    12
  Use: Scroll            |       |       |    21 |     6 |    10 ||    37
       Potion            |       |       |     3 |     7 |     4 ||    14
 Stab: Sleeping          |     2 |       |     1 |       |       ||     3
       Distracted        |       |       |     5 |     4 |     2 ||    11
       Invisible         |       |       |     2 |       |    16 ||    18
  Eat: Chunk             |     2 |     8 |    15 |    19 |    25 ||    69
       Beef jerky        |       |       |     1 |       |       ||     1
       Meat ration       |       |       |       |     3 |       ||     3
Armor: Robe              |    15 |       |       |       |       ||    15
       Ring mail         |    26 |    32 |     9 |       |       ||    67
       Scale mail        |       |       |    44 |       |       ||    44
       Chain mail        |       |       |   165 |    64 |       ||   229
       Plate armour      |       |       |       |   557 |   148 ||   705
       Gold dragon armou |       |       |       |       |   596 ||   596
Dodge: Dodged            |   115 |    71 |   280 |   428 |   366 ||  1260
